 Dungeon Crawl Stone Soup version 0.27.1-34-g3ba077fa99 (webtiles) character file.

Game seed: 13348485318764370952

23697 Arum the Earth Mage (level 13, -6/79 HPs)
             Began as a Formicid Earth Elementalist on Jan 9, 2022.
             Was a Priest of Vehumet.
             Mangled by a harpy simulacrum (14 damage)
             ... in an ice cave.
             The game lasted 00:35:40 (18168 turns).

Arum the Earth Mage (Formicid Earth Elementalist)  Turns: 18168, Time: 00:35:41

Health: -6/79      AC:  8    Str: 14    XL:     13   Next: 37%
Magic:  20/30      EV: 16    Int: 19    God:    Vehumet [***...]
Gold:   665        SH:  5    Dex: 11    Spells: 26/39 levels left

rFire    + . .     SeeInvis +   t - +4 whip (elec)
rCold    . . .     Faith    +   x - +1 buckler
rNeg     . . .     Spirit   .   B - +2 robe {rF+}
rPois    .         Reflect  .   (helmet unavailable)
rElec    .         Harm     .   y - +2 cloak {Stlth+}
rCorr    .         Rampage  .   (no gloves)
Will     ++...                  p - +0 pair of boots
Stlth    +++.......             w - amulet of faith
HPRegen  0.23/turn              v - +4 ring of evasion
MPRegen  0.22/turn              H - ring of willpower

@: no status effects
A: permanent stasis, dig shafts and tunnels, antennae 3, four strong arms
a: Dig, Renounce Religion


You were in an ice cave.
You worshipped Vehumet.
Vehumet was most pleased with you.
You visited 2 branches of the dungeon, and saw 13 of its levels.
You also visited: Ice Cave.

You collected 665 gold pieces.

Inventory:

Hand Weapons
 g - a +2 dagger of protection
 j - a +2 quarterstaff of chaos
 l - a +0 vampiric dagger
 t - a +4 whip of electrocution (weapon)
Missiles
 a - 195 stones
 d - 13 poisoned darts
 h - 2 throwing nets
 F - 4 atropa-tipped darts
Armour
 k - a scarf of invisibility
 p - a +0 pair of boots (worn)
 x - a +1 buckler (worn)
 y - a +2 cloak of stealth (worn)
 B - a +2 robe of fire resistance (worn)
 C - a +1 robe of positive energy
Jewellery
 v - a +4 ring of evasion (left hand)
 w - an amulet of faith (around neck)
 G - a +4 ring of evasion
 H - a ring of willpower (right hand)
Wands
 f - a wand of flame (44)
 m - a wand of paralysis (9)
 D - a wand of polymorph (7)
 E - a wand of iceblast (11)
Scrolls
 b - 2 scrolls of enchant armour
 e - 2 scrolls of vulnerability
 n - a scroll of immolation
 q - a scroll of enchant weapon
 A - a scroll of fear
Potions
 c - 3 potions of curing
 i - 2 potions of brilliance
 o - 2 potions of lignification
 r - a potion of haste {unknown}
 s - 2 potions of attraction
 u - 3 potions of magic
 z - a potion of might


   Skills:
 - Level 3.0 Dodging
 - Level 2.4 Stealth
 - Level 3.7 Shields
 * Level 13.5 Spellcasting
 + Level 9.4 Conjurations
 - Level 1.1 Transmutations
 - Level 15.2 Earth Magic
 + Level 3.3 Evocations


You had 26 spell levels left.
You knew the following spells:

 Your Spells              Type           Power      Damage    Failure   Level
a - Sandblast             Erth           100%       2d20      0%          1
b - Stone Arrow           Conj/Erth      100%       3d13      1%          3
c - Petrify               Tmut/Erth      43%        N/A       1%          4
d - Poisonous Vapours     Pois/Air       24%        N/A       2%          2
e - Conjure Flame         Conj/Fire      30%        6-21      1%          3

Your spell library contained the following spells:

 Spells                   Type           Power      Damage    Failure   Level
 Passwall                 Tmut/Erth      35%        N/A       1%          2
 Mephitic Cloud           Conj/Pois/Air  24%        N/A       1%          3
 Leda's Liquefaction      Hex/Erth       20%        N/A       2%          4
 Irradiate                Conj/Tmut      16%        3d19      4%          5
 Animate Skeleton         Necr           24%        N/A       5%          1
 Pain                     Necr           48%        1d6       5%          1
 Corpse Rot               Necr/Air       N/A        N/A       8%          2
 Sublimation of Blood     Necr           6%         N/A       8%          2
 Call Canine Familiar     Summ           12%        N/A       16%         3
 Lesser Beckoning         Tloc           6%         N/A       16%         3
 Portal Projectile        Hex/Tloc       24%        N/A       16%         3
 Vampiric Draining        Necr           6%         2d6       16%         3
 Alistair's Intoxication  Tmut/Pois      9%         N/A       75%         5
 Manifold Assault         Tloc           12%        N/A       82%         5
 Haunt                    Necr/Summ      6%         N/A       100%        7
 Blink                    Tloc           Unusable   N/A       N/A         2

Dungeon Overview and Level Annotations

Branches:
Dungeon (12/15)            Temple (1/1) D:6            Lair (0/6) D:11
    Orc (0/2) D:11          IceCv (1/1)

Altars:
Ashenzari
Cheibriados
Dithmenos
Elyvilon
Fedhas
Hepliaklqana
Kikubaaqudgha
Makhleb
Nemelex Xobeh
Okawaru
Qazlal
Ru
Sif Muna
Trog
Uskayaw
Vehumet
Wu Jian
Xom
Yredelemnul
Zin
The Shining One

Shops:
D:4 *   D:10 (

Annotations:
D:6 3 runed translucent doors, Tux's ghost, novice DjFE
D:8 1 runed translucent door, Discosetron's ghost, novice DjAE


Innate Abilities, Weirdness & Mutations

You cannot be hasted, slowed, berserked, paralysed or teleported.
You can dig through walls and to a lower floor.
You have a pair of large antennae on your head. (SInv)
Your four strong arms can wield two-handed weapons with a shield.


Message History

Confirm with . or Enter, or press ? or * to list all spells.
Aiming: Sandblast (safe; 0% risk of failure)
Press: ? - help, Shift-Dir - straight line, f - ice devil
Aim: an ice devil (heavily wounded, 84% to hit)
The blast of sand hits the ice devil but does no damage.
The ice devil is heavily wounded.
a - 195 stones Unknown command.
Casting: Sandblast (safe; 0% risk of failure)
Confirm with . or Enter, or press ? or * to list all spells.
Aiming: Stone Arrow (safe; 1% risk of failure)
Press: ? - help, Shift-Dir - straight line, f/p - ice devil
Aim: an ice devil (heavily wounded, 78% to hit)
The stone arrow hits the ice devil!
The ice devil is severely wounded.
The ice devil barely misses you.
Casting: Stone Arrow (safe; 1% risk of failure)
Confirm with . or Enter, or press ? or * to list all spells.
Aiming: Stone Arrow (safe; 1% risk of failure)
Press: ? - help, Shift-Dir - straight line, f/p - ice devil
Aim: an ice devil (severely wounded, 78% to hit)
The stone arrow hits the ice devil!
You kill the ice devil!
Vehumet accepts your kill.
The harpy simulacrum claws you but does no damage.
The harpy simulacrum closely misses you.
Casting: Stone Arrow (safe; 1% risk of failure)
Confirm with . or Enter, or press ? or * to list all spells.
Aiming: Stone Arrow (safe; 1% risk of failure)
Press: ? - help, Shift-Dir - straight line, f - harpy simulacrum
Aim: a harpy simulacrum (92% to hit)
The stone arrow hits the harpy simulacrum!
The harpy simulacrum is severely damaged.
The harpy simulacrum closely misses you.
You block the harpy simulacrum's attack.
The harpy simulacrum claws you but does no damage.
The harpy simulacrum claws you!
* * * LOW HITPOINT WARNING * * *
The harpy simulacrum freezes you!
You die...

# ###. ##.. { ##... ###
# #...###.### #####
#...##....### ....##
######..##Z....#
.....###.#......@....[#
......#.........##..)##
..........####### ####
........### ......### {
..#.### ..#.# .#.##
#### {


You could see a harpy simulacrum.

Vanquished Creatures
  Erolcha (D:9)
  3 two-headed ogres
  A satyr (D:11)
  Pikel (D:9)
  A cyclops (D:11)
  Maurice (D:8)
  2 ice statues (IceCv)
  Psyche (D:9)
  An unseen horror (D:11)
  2 ice devils (IceCv)
  A hornet (D:9)
  Grinder (D:3)
  Sigmund (D:4)
  2 shadows
  A wraith (D:12)
  12 yaks
  4 wyverns
  A basilisk (D:11)
  A death yak simulacrum (IceCv)
  2 acid dragons
  Menkaure (D:7)
  3 water moccasins (D:11)
  3 orc warriors
  4 black bears
  3 sky beasts
  3 ice beasts
  3 necrophages
  7 centaurs
  An ogre (D:5)
  2 wolves (D:11)
  4 lemures (D:9)
  7 bullfrogs
  A scorpion (D:11)
  4 gnoll sergeants
  A two-headed ogre simulacrum (IceCv)
  10 killer bees
  2 howler monkeys (D:9)
  A bullfrog zombie (D:6)
  2 centaur zombies
  3 orc priests
  Crazy Yiuf (D:2)
  3 jellies
  2 gnoll shamans
  Ijyb (D:3)
  Natasha (thrice) (D:2)
  3 iguanas (D:5)
  3 troll simulacra (IceCv)
  11 orc wizards
  A polar bear simulacrum (IceCv)
  A killer bee zombie (D:7)
  A howler monkey zombie (D:6)
  Robin (D:3)
  17 gnolls
  8 adders
  A naga simulacrum (IceCv)
  A shadow imp (D:5)
  14 white imps
  5 ufetubi
  An adder skeleton (D:4)
  4 worms
  2 dart slugs
  20 orcs
  3 ball pythons
  4 bats
  6 endoplasms
  5 giant cockroaches
  12 goblins
  10 hobgoblins
  10 jackals
  8 kobolds
  A quokka (D:3)
  3 training dummies (D:10)
  2 frilled lizards (D:1)
  7 rats
280 creatures vanquished.

Vanquished Creatures (others)
  An ufetubus (IceCv)
  2 fungi
  25 plants
  2 withered plants (D:8)
30 creatures vanquished.

Grand Total: 310 creatures vanquished

Notes
Turn   | Place    | Note
-------+----------+-------------------------------------------
     0 | D:1      | Arum the Formicid Earth Elementalist began the quest for
                  | the Orb.
     0 | D:1      | Reached XP level 1. HP: 13/13 MP: 3/3
    87 | D:1      | Reached XP level 2. HP: 15/19 MP: 1/5
   371 | D:1      | Reached skill level 4 in Earth Magic
   839 | D:1      | Reached XP level 3. HP: 19/24 MP: 4/7
  1428 | D:2      | Noticed Natasha
  1434 | D:2      | Killed Natasha
  1435 | D:2      | Reached XP level 4. HP: 18/30 MP: 2/8
  1609 | D:2      | Noticed Natasha
  1613 | D:2      | Killed Natasha
  1991 | D:2      | Learned a level 3 spell: Stone Arrow
  2211 | D:2      | Noticed Natasha
  2220 | D:2      | Killed Natasha
  2221 | D:2      | Reached skill level 5 in Earth Magic
  2221 | D:2      | Reached XP level 5. HP: 34/35 MP: 6/10
  2829 | D:2      | Found a runed translucent door.
  2830 | D:2      | Noticed Crazy Yiuf
  2836 | D:2      | Killed Crazy Yiuf
  3106 | D:3      | Noticed Ijyb
  3112 | D:3      | Killed Ijyb
  3113 | D:3      | Reached skill level 1 in Conjurations
  3113 | D:3      | Reached XP level 6. HP: 41/41 MP: 1/12
  3341 | D:3      | Noticed Grinder
  3350 | D:3      | Killed Grinder
  3351 | D:3      | Reached skill level 6 in Earth Magic
  3351 | D:3      | Reached XP level 7. HP: 16/46 MP: 1/13
  3757 | D:3      | Found a faded altar of an unknown god.
  3896 | D:3      | Found a hide-covered altar of Uskayaw.
  3909 | D:3      | Noticed Robin
  3945 | D:3      | Killed Robin
  4197 | D:3      | Found a sacrificial altar of Ru.
  4285 | D:3      | Found an ornate altar of the Wu Jian Council.
  4630 | D:4      | Reached skill level 5 in Spellcasting
  4703 | D:4      | Noticed a two-headed ogre
  4713 | D:4      | Killed a two-headed ogre
  4714 | D:4      | Reached skill level 8 in Earth Magic
  4714 | D:4      | Reached XP level 8. HP: 30/52 MP: 0/17
  4952 | D:4      | Found Wiuruac's Mass Market.
  5297 | D:4      | Found a basalt altar of Yredelemnul.
  5476 | D:4      | Found a broken altar of Ashenzari.
  5479 | D:4      | Reached XP level 9. HP: 51/57 MP: 9/19
  5541 | D:4      | Found a blossoming altar of Fedhas.
  5598 | D:4      | Noticed Sigmund
  5602 | D:4      | Killed Sigmund
  5765 | D:4      | Reached skill level 9 in Earth Magic
  6208 | D:5      | Entered Level 5 of the Dungeon
  6868 | D:5      | Found a glowing silver altar of Zin.
  7006 | D:5      | Learned a level 4 spell: Petrify
  7566 | D:6      | Reached skill level 10 in Earth Magic
  8420 | D:6      | Reached XP level 10. HP: 63/63 MP: 12/22
  8475 | D:6      | Found a staircase to the Ecumenical Temple.
  8540 | Temple   | Entered the Ecumenical Temple
  8766 | Temple   | Became a worshipper of Vehumet
  8870 | D:6      | Found a runed translucent gate.
  8870 | D:6      | Found a runed translucent gate.
  8870 | D:6      | Found a runed translucent gate.
  8870 | D:6      | Noticed Tux's ghost (novice DjFE)
  9337 | D:7      | Reached skill level 10 in Spellcasting
  9337 | D:7      | Reached skill level 12 in Earth Magic
  9337 | D:7      | Reached XP level 11. HP: 68/68 MP: 22/25
  9339 | D:7      | Reached skill level 13 in Earth Magic
  9339 | D:7      | Reached XP level 12. HP: 74/74 MP: 22/27
 10156 | D:7      | Reached skill level 14 in Earth Magic
 10216 | D:7      | Noticed Menkaure
 10219 | D:7      | Killed Menkaure
 10495 | D:8      | Found a runed translucent door.
 10495 | D:8      | Noticed Discosetron's ghost (novice DjAE)
 11204 | D:8      | Noticed Maurice
 11215 | D:8      | Killed Maurice
 11693 | D:9      | Reached * piety under Vehumet
 11693 | D:9      | Offered knowledge of Magic Dart by Vehumet.
 11902 | D:9      | Noticed Pikel
 11939 | D:9      | Killed Pikel
 12211 | D:9      | Noticed Erolcha
 12215 | D:9      | Killed Erolcha
 12468 | D:9      | Noticed Psyche
 12475 | D:9      | Killed Psyche
 12548 | D:9      | Identified the +6 plate armour of Mysticism {rC- rN++}
 12872 | D:10     | Entered Level 10 of the Dungeon
 13184 | D:10     | Found a white marble altar of Elyvilon.
 13214 | D:10     | Noticed a two-headed ogre
 13233 | D:10     | Killed a two-headed ogre
 13336 | D:10     | Offered knowledge of Freeze by Vehumet.
 13540 | D:10     | Reached ** piety under Vehumet
 13751 | D:10     | Found Bourgh's Firing Range.
 14256 | D:11     | Reached skill level 15 in Earth Magic
 14372 | D:11     | Found a staircase to the Lair.
 14542 | D:11     | Reached XP level 13. HP: 79/79 MP: 0/29
 14726 | D:11     | Found a shadowy altar of Dithmenos.
 14924 | D:11     | Offered knowledge of Poisonous Vapours by Vehumet.
 14932 | D:11     | Learned a level 2 spell: Poisonous Vapours
 15044 | D:11     | Noticed a boulder beetle
 15057 | D:11     | a boulder beetle changed into a satyr
 15064 | D:11     | Reached skill level 1 in Evocations
 15466 | D:11     | Found a staircase to the Orcish Mines.
 15655 | D:11     | Got Watoj's Disquisition on Toxic Unholy Arts
 15890 | D:12     | Reached *** piety under Vehumet
 15947 | D:12     | Found a frozen archway.
 16014 | IceCv    | Entered an ice cave
 16073 | IceCv    | Offered knowledge of Conjure Flame by Vehumet.
 16084 | IceCv    | Learned a level 3 spell: Conjure Flame
 18168 | IceCv    | Mangled by a harpy simulacrum

Illustrated notes

Levels and vault maps discovered:
D:1:      dpeg_arrival_simpleton_c, layout_basic
D:2:      layout_loops_cross, kennysheep_generic_room_7, uniq_natasha,
          uniq_crazy_yiuf_cottage
D:3:      layout_loops_corners, lemuel_tele_altar,
          mainiacjoe_overflow_concentric_impassable,
          nicolae_ru_the_path_less_chosen, hellmonk_ecumenical_altar_lost_god,
          uniq_robin, uniq_grinder, uniq_ijyb
D:4:      layout_layer_cave, old_standard_altar,
          mainiacjoe_overflow_catwalk_spiral, minmay_misc_feat_iff,
          minmay_shop_mass, uniq_sigmund
D:5:      layout_cave_pools, kennysheep_mini, grunt_ministairs_2,
          nicolae_underground_beach
D:6:      wad_crossroads, layout_basic, minmay_temple_entry_enclosed_plants,
          gammafunk_ghost_nasty_kobolds, minmay_misc_feat_encased
D:7:      layout_basic, kb_lookout_dungeons_type, uniq_menkaure
D:8:      layout_basic, gammafunk_ghost_grave, uniq_maurice
D:9:      layout_basic, uniq_psyche, uniq_erolcha, uniq_pikel
D:10:     layout_stronghold, mainiacjoe_overflow_paths, chequers_arboretum,
          nicolae_shop_firing_range
D:11:     layout_loops_corners, minmay_lair_entry_grove, orc_0_dummy,
          grunt_dithmenos_smoke
D:12:     due_chaos_kobolds, layout_basic, portal_ice_cave_entry_imps,
          minivault_16, grunt_ministairs_15
Temple:   minmay_temple_curvy_branch
IceCv:    ice_cave_small_demon

Skill      XL: |  1  2  3  4  5  6  7  8  9 10 11 12 13 |
---------------+----------------------------------------+-----
Earth Magic    | 4 5 6 8 10 12 13 15 | 15.2
Dodging        | 2 3 |  3.0
Spellcasting   | 3 4 6 8 10 11 12 13 | 13.5
Conjurations   | 1 3 4 6 8 9 |  9.4
Shields        | 3 |  3.7
Evocations     | 3 |  3.3
Stealth        | |  2.4
Transmutations | |  1.1

Action                   |  1- 3 |  4- 6 |  7- 9 | 10-12 | 13-15 || total
-------------------------+-------+-------+-------+-------+-------++-------
Melee: Dagger            |    63 |    59 |       |    13 |       ||   135
       Quarterstaff      |       |    10 |    28 |    14 |    11 ||    63
       Whip              |       |       |    79 |    74 |    17 ||   170
Throw: Dart              |     6 |       |       |       |       ||     6
 Cast: Sandblast         |    30 |    14 |     5 |    26 |    61 ||   136
       Stone Arrow       |       |    14 |    83 |   137 |    78 ||   312
       Petrify           |       |       |       |    21 |     3 ||    24
       Conjure Flame     |       |       |       |       |    14 ||    14
 Abil: Dig               |     1 |       |     2 |     1 |     3 ||     7
Evoke: Wand              |       |       |       |       |     6 ||     6
  Use: Scroll            |       |       |     8 |    11 |     2 ||    21
       Potion            |       |       |       |     2 |       ||     2
 Stab: Sleeping          |     2 |     7 |     3 |     1 |     1 ||    14
       Petrified         |       |       |       |    54 |     2 ||    56
       Petrifying        |       |       |       |     4 |       ||     4
       Paralysed         |       |       |       |       |     5 ||     5
       Confused          |       |       |       |       |     3 ||     3
       Distracted        |       |       |       |       |     1 ||     1
Armor: Robe              |    21 |    15 |    14 |     7 |    20 ||    77
Dodge: Dodged            |    57 |    39 |    76 |    44 |    66 ||   282
Block: Buckler           |       |       |       |    16 |    20 ||    36
